 Dungeon Crawl Stone Soup version 0.16.1-51-g6203257 (webtiles) character file.

35345 Jb9000 the Covert (level 13, 0/96 HPs)
             Began as a Gargoyle Fighter on July 3, 2015.
             Was a High Priest of Okawaru.
             Slain by a phantasmal warrior (18 damage)
             ... on level 15 of the Dungeon on July 4, 2015.
             The game lasted 01:54:41 (19309 turns).

Jb9000 the Covert (Gargoyle Fighter)               Turns: 19309, Time: 01:54:42

Health: 0/96       AC: 28    Str: 21 (22) XL:     13   Next: 83%
Magic:  20/20      EV: 15    Int: 16      God:    Okawaru [*****.]
Gold:   1811       SH:  9    Dex: 13      Spells: 4 memorised, 9 levels left

rFire  x . .     SeeInvis .     f - +2 broad axe of Valour {chop, rElec rF- Int+3}
rCold  . . .     Clarity  .     g - +0 steam dragon armour
rNeg   + . .     SustAb   .     w - +3 buckler {AC+3}
rPois  ∞         Gourm    .     o - +1 helmet
rElec  +         Spirit   .     c - +0 cloak
rCorr  .         Warding  .     (no gloves)
rMut   .         Stasis   .     T - +2 pair of boots {Stlth+}
MR     .....                    E - amulet of faith
Stlth  +++++++...               M - +5 ring of intelligence
                                h - ring of invisibility

@: vulnerable, not resistant to hostile enchantments, extremely stealthy
A: claws 1, molten scales 1, camouflage 1, blink 1, deterioration 1, low mp 1,
negative energy resistance 1, robust 2, shaggy fur 1, electricity resistance,
unbreathing, evolution 1, petrification resistance, rot immunity, no
conjurations magic, no fire magic, no necromancy magic, disrupted magic 1, AC +9
a: Blink, Heroism, Finesse, Renounce Religion, Evoke Invisibility


You were on level 15 of the Dungeon.
You worshipped Okawaru.
Okawaru was extremely pleased with you.
You were not hungry.

You visited 2 branches of the dungeon, and saw 16 of its levels.
You also visited: Sewer and Bailey.

You collected 1811 gold pieces.

Inventory:

Hand weapons
 f - the +2 broad axe of Valour (weapon) {chop, rElec rF- Int+3}
   (Okawaru gifted it to you on level 13 of the Dungeon)

   It inflicts extra damage upon your enemies.
   It affects your intelligence (+3).
   It makes you vulnerable to fire.
   It insulates you from electricity.
 k - a +0 blowgun
 O - a +3 vampiric war axe
 P - a +3 quarterstaff of chaos
 V - a +3 flail
Missiles
 l - 6 tomahawks of dispersal
 s - 78 poisoned needles
 x - a curare-tipped needle
 K - 59 tomahawks of returning (quivered)
Armour
 b - a +0 scale mail
 c - a +0 cloak (worn)
 g - a +0 steam dragon armour (worn)
 o - a +1 helmet (worn)
 w - a +3 buckler of protection (worn)
 C - the +0 robe of Charity {Str+4}
   (You found it on level 9 of the Dungeon)

   It affects your strength (+4).
 J - a +0 shield of resistance
 T - a +2 pair of boots of stealth (worn)
Jewellery
 h - a ring of invisibility (left claw)
 t - an uncursed ring of protection from cold
 A - an uncursed ring of ice
 E - an amulet of faith (around neck)
 M - a +5 ring of intelligence (right claw)
 S - an uncursed amulet of clarity
Magical devices
 j - a wand of lightning (5)
 p - a wand of magic darts (11)
 q - a wand of polymorph (6)
 u - a wand of invisibility (2)
 v - a wand of enslavement (11)
 B - a wand of disintegration (14)
 D - a wand of draining (6)
 H - a wand of enslavement (18)
 L - a wand of heal wounds (2)
 N - a wand of magic darts (30)
 R - a wand of flame (13)
 X - a wand of random effects (42)
Scrolls
 a - a scroll of teleportation
 i - 6 scrolls of identify
 n - a scroll of fog
 r - a scroll of amnesia
 y - 3 scrolls of remove curse
Potions
 e - a potion of cancellation
 m - a potion of flight
 z - a potion of magic
 G - 2 potions of curing
 Y - a potion of ambrosia
 Z - 2 potions of brilliance
Books
 I - a book of the Sky

   Spells                             Type                      Level
   a - Flight                         Charms/Air                   3
   b - Airstrike                      Air                          4
   c - Silence                        Hexes/Air                    5
   d - Deflect Missiles               Charms/Air                   6
   e - Conjure Ball Lightning         Conjuration/Air              6
   f - Tornado                        Air                          9
 Q - a book of Enchantments

   Spells                             Type                      Level
   a - Tukima's Dance                 Hexes                        3
   b - Cause Fear                     Hexes                        4
   c - Silence                        Hexes/Air                    5
   d - Deflect Missiles               Charms/Air                   6
   e - Haste                          Charms                       6
   f - Discord                        Hexes                        8
 W - a book of Maledictions

   Spells                             Type                      Level
   a - Corona                         Hexes                        1
   b - Sure Blade                     Hexes/Charms                 2
   c - Ensorcelled Hibernation        Hexes/Ice                    2
   d - Confuse                        Hexes                        3
   e - Dazzling Spray                 Conjuration/Hexes            3
   f - Enslavement                    Hexes                        4
Comestibles
 d - 11 bread rations
 U - 2 meat rations


   Skills:
 + Level 9.3 Fighting
 + Level 8.1(8.2) Axes
 - Level 2.0(5.9) Maces & Flails
 + Level 5.9 Throwing
 + Level 9.1 Armour
 + Level 5.8 Dodging
 + Level 11.7 Stealth
 * Level 10.3 Shields
 + Level 3.2 Spellcasting
 + Level 2.7 Hexes
 + Level 3.7 Invocations
 - Level 7.3 Evocations


You had 9 spell levels left.
You knew the following spells:

 Your Spells              Type           Power        Failure   Level  Hunger
a - Corona                Hex            ##.....      12%         1    None
b - Ensorcelled Hibernat  Hex/Ice        #.....       24%         2    ##.....
c - Confuse               Hex            ##......     24%         3    ###....
d - Tukima's Dance        Hex            ##......     24%         3    ###....


Dungeon Overview and Level Annotations

Branches:
Dungeon (15/15)            Temple (1/1) D:6            Lair (0/8) D:9
    Orc (0/4) D:12         Vaults (0/5) D:13         Depths (0/5) D:15

Altars:
Ashenzari
Cheibriados
Dithmenos
Elyvilon
Fedhas
Gozag
Kikubaaqudgha
Makhleb
Nemelex Xobeh
Okawaru
Qazlal
Ru
Sif Muna
Trog
Vehumet
Xom
Yredelemnul
Zin
The Shining One

Shops:
D:7 [


Innate Abilities, Weirdness & Mutations

You are resistant to torment.
You are immune to poison.
Your stone body is very resilient (AC +9).
Your magical capacity is low (-10% MP).
You resist negative energy.
You are resistant to electric shocks.
You can survive without breathing.
You are immune to petrification.
You are immune to rotting.
You cannot study or cast Conjurations magic.
You cannot study or cast Fire magic.
You cannot study or cast Necromancy magic.
Your casting is slightly disrupted.
You have sharp fingernails.
You are partially covered in molten scales (AC +1).
Your skin changes colour to match your surroundings (Stealth).
You can translocate small distances at will.
Your body is slowly deteriorating.
You are very robust (+20% HP).
You are covered in fur (AC +1).
You evolve.


Message History

The phantasmal warrior is heavily damaged.
The phantasmal warrior hits you.
You closely miss the phantasmal warrior.
The phantasmal warrior is heavily damaged.
The phantasmal warrior closely misses you.
You hit the phantasmal warrior.
The phantasmal warrior is severely damaged.
The phantasmal warrior misses you.
You hit the phantasmal warrior but do no damage.
The phantasmal warrior is severely damaged.
The phantasmal warrior's blade passes through your shield.
The phantasmal warrior hits you!
You closely miss the phantasmal warrior.
The phantasmal warrior is severely damaged.
The phantasmal warrior hits you!!
* * * LOW HITPOINT WARNING * * *
You hit the phantasmal warrior but do no damage.
The phantasmal warrior is severely damaged.
The phantasmal warrior hits you!!
You die...

,,** **,#* #.#
*,,,,,,, *** *#.##*
#.# *,,,,,,, *
*#..###.# *****,,,
*#.....##########*.,,,
*#.............#...,,
#...................
*#....###.(....88...
#.W...............W
#.@.....#####....P.
#..)(.### *#.P...
#.....# #.....
#))...## #P.(..
#((....#######..PZ.
#))............88P.
###(.....#####...#.P.
###<(((##### ##...###
##.(..### ###.....


You could see a phantasmal warrior.

Vanquished Creatures
  A hydra (D:13)
  5 centaur warriors
  An ogre mage (D:10)
  Nergalle (D:12)
  A wizard (D:13)
  The ghost of heinrich the Thaumaturge, an experienced OpCj of Gozag (Bailey)
  4 unseen horrors
  The ghost of Turgon the Conjurer, an experienced OpSk of Vehumet (Bailey)
  Pikel (D:7)
  2 orc knights (Bailey)
  7 hill giants
  2 necromancers
  4 cyclopes
  6 ugly things
  A griffon (D:14)
  2 manticores
  A molten gargoyle (D:13)
  2 gargoyles
  A komodo dragon (D:15)
  A trapdoor spider zombie (D:9)
  3 trolls
  4 two-headed ogres
  The ghost of Jb9000 the Shield-Bearer, an average GrFi of Nemelex Xobeh (D:4)
  2 yaks
  3 deep elf magi
  2 hungry ghosts
  3 steam dragons
  A wraith (D:13)
  2 wyverns
  2 hippogriffs
  The ghost of SaintRoka the Firebug, an average HOFE (D:3)
  4 slaves (D:7)
  5 sky beasts
  A black bear (D:9)
  6 orc warriors
  An ice beast (D:9)
  4 eyes of draining
  A phantom (D:4)
  7 ogres
  A boring beetle (shapeshifter) (D:15)
  11 centaurs
  Sigmund (D:7)
  Duvessa (D:7)
  5 big kobolds
  A crocodile (D:13)
  6 giant frogs
  3 wyvern skeletons
  A scorpion (D:7)
  A water moccasin zombie (D:8)
  11 killer bees
  14 wights
  7 crimson imps
  3 jellies
  5 lava snakes (D:13)
  Dowan (D:7)
  A goliath beetle (D:10)
  6 centaur zombies
  3 quasits
  4 orc priests
  9 hounds
  6 centaur skeletons
  4 giant frog skeletons
  6 iguanas
  12 orc wizards
  14 worker ants
  4 sheep (D:14)
  A killer bee zombie (D:8)
  4 hound skeletons
  A hound zombie (D:10)
  A mummy (D:10)
  A worker ant zombie (D:9)
  Robin (D:2)
  2 river rats
  12 adders
  9 gnolls
  3 giant mites
  3 shadow imps
  2 worms
  An adder skeleton (D:9)
  5 giant geckos
  2 oozes (D:2)
  39 orcs
  14 bats
  2 bat skeletons
  5 giant cockroaches
  26 goblins
  14 hobgoblins
  4 jackals (D:7)
  30 kobolds
  7 quokkas
  A river rat zombie (Sewer)
  A giant cockroach zombie (D:5)
  9 giant newts
  2 giant spores
  21 rats
  A rat skeleton (Sewer)
  A rat zombie (Sewer)
  5 river rat skeletons (Sewer)
  8 spectral orcs (D:12)
  8 ballistomycetes
485 creatures vanquished.

Vanquished Creatures (collateral kills)
  A centaur (D:5)
  A hobgoblin (D:8)
2 creatures vanquished.

Vanquished Creatures (others)
  An ogre (D:7)
  A hound (D:7)
  An orc priest (D:8)
  An orc wizard (D:13)
  An orc (D:6)
  A goblin (Bailey)
  A kobold (Bailey)
  2 giant spores (D:13)
  A ballistomycete (D:8)
  3 plants (D:15)
13 creatures vanquished.

Grand Total: 500 creatures vanquished

Notes
Turn   | Place    | Note
--------------------------------------------------------------
     0 | D:1      | Jb9000, the Gargoyle Fighter, began the quest for the Orb.
     0 | D:1      | Reached XP level 1. HP: 14/14 MP: 1/1
   116 | D:1      | Reached XP level 2. HP: 17/19 MP: 2/2
   280 | D:1      | Reached skill level 1 in Axes
   322 | D:1      | Reached skill level 1 in Stealth
   572 | D:1      | Reached XP level 3. HP: 23/23 MP: 3/3
   885 | D:2      | Noticed Robin
   902 | D:2      | Killed Robin
  1052 | D:2      | Reached XP level 4. HP: 28/28 MP: 4/4
  1126 | D:2      | Found a sacrificial altar of Ru.
  1154 | D:2      | Became a worshipper of Ru the Awakened
  1319 | D:2      | Found an iron altar of Okawaru.
  1445 | D:2      | Reached XP level 5. HP: 33/33 MP: 5/5
  1499 | D:2      | Found a burning altar of Makhleb.
  1503 | D:2      | Found a glowing silver altar of Zin.
  1504 | D:2      | Noticed a green death
  1504 | D:2      | Noticed an angel
  1717 | D:3      | Reached skill level 4 in Armour
  1827 | D:3      | Noticed SaintRoka's ghost (average HOFE)
  1849 | D:3      | Killed SaintRoka's ghost
  1849 | D:3      | Reached XP level 6. HP: 36/38 MP: 6/6
  2109 | D:3      | Gained mutation: Your casting is slightly disrupted. [Ru sacrifice]
  2401 | D:4      | Reached skill level 1 in Evocations
  2425 | D:4      | Reached XP level 7. HP: 21/43 MP: 8/8
  2557 | D:4      | Noticed Jb9000's ghost (average GrFi)
  2577 | D:4      | Gained mutation: You are agile. (Dex +2) [potion of mutation]
  2577 | D:4      | Gained mutation: You have a pair of small horns on your head. [potion of mutation]
  2577 | D:4      | Gained mutation: You are weak. (Str -2) [potion of mutation]
  2601 | D:4      | HP: 1/43 [Jb9000's ghost (10)]
  2603 | D:4      | Killed Jb9000's ghost
  3038 | D:4      | Lost mutation: You are weak. (Str -2) [potion of cure mutation]
  3038 | D:4      | Lost mutation: You are agile. (Dex +2) [potion of cure mutation]
  3038 | D:4      | Lost mutation: You have a pair of small horns on your head. [potion of cure mutation]
  4004 | D:4      | Reached skill level 5 in Stealth
  4004 | D:4      | Reached skill level 5 in Shields
  4004 | D:4      | Reached XP level 8. HP: 48/48 MP: 10/10
  4035 | D:5      | Entered Level 5 of the Dungeon
  4142 | D:5      | Found a glowing drain.
  4160 | Sewer    | Entered a sewer
  4286 | Sewer    | Reached skill level 5 in Fighting
  4317 | Sewer    | Gained mutation: Your magical capacity is low (-10% MP). [Ru sacrifice]
  4317 | Sewer    | Acquired Ru's first power
  4431 | Sewer    | Reached skill level 5 in Armour
  5577 | D:6      | Reached skill level 6 in Stealth
  5672 | D:6      | Reached skill level 5 in Axes
  6102 | D:6      | Reached XP level 9. HP: 54/54 MP: 11/11
  6190 | D:6      | Found a staircase to the Ecumenical Temple.
  6200 | Temple   | Entered the Ecumenical Temple
  6361 | D:7      | Reached skill level 1 in Dodging
  6363 | D:7      | Gained mutation: You cannot study or cast Fire magic. [Ru sacrifice]
  6363 | D:7      | Gained mutation: You cannot study or cast Necromancy magic. [Ru sacrifice]
  6363 | D:7      | Gained mutation: You cannot study or cast Conjurations magic. [Ru sacrifice]
  6363 | D:7      | Acquired Ru's second power
  6408 | D:7      | Noticed Pikel
  6434 | D:7      | Killed Pikel
  6434 | D:7      | Reached skill level 7 in Stealth
  6533 | D:7      | Noticed Sigmund
  6549 | D:7      | Killed Sigmund
  6781 | D:7      | Noticed Duvessa
  6783 | D:7      | Noticed Dowan
  6795 | D:7      | Killed Duvessa
  6815 | D:7      | Found Taodee's Antique Armour Boutique.
  6833 | D:7      | Killed Dowan
  7104 | D:7      | Noticed Crazy Yiuf
  7107 | D:7      | Noticed Crazy Yiuf
  7107 | D:7      | Crazy Yiuf changed into Crazy Yiuf the river rat
  7109 | D:7      | Killed Crazy Yiuf the river rat
  7175 | D:8      | Found a radiant altar of Vehumet.
  7177 | D:8      | Reached skill level 8 in Stealth
  7177 | D:8      | Reached XP level 10. HP: 42/61 MP: 14/14
  7394 | D:8      | Gained mutation: Your skin changes colour to match your surroundings (Stealth). [mutagenic meat]
  7768 | D:8      | Found a flagged portal.
  7788 | Bailey   | Entered a bailey
  7794 | Bailey   | Noticed Turgon's ghost (experienced OpSk)
  7841 | Bailey   | Killed Turgon's ghost
  7841 | Bailey   | Reached skill level 9 in Stealth
  8061 | Bailey   | Noticed an orc knight
  8068 | Bailey   | Noticed an orc knight
  8077 | Bailey   | Noticed heinrich's ghost (experienced OpCj)
  8088 | Bailey   | Killed an orc knight
  8097 | Bailey   | Killed an orc knight
  8097 | Bailey   | Killed heinrich's ghost
  8097 | Bailey   | Reached skill level 5 in Evocations
  8163 | Bailey   | Reached XP level 11. HP: 34/67 MP: 17/17
  9321 | D:2      | Fell from the grace of Ru
  9321 | D:2      | Became a worshipper of Warmaster Okawaru
  9631 | D:9      | Reached skill level 1 in Throwing
  9817 | D:9      | Got a faintly humming robe
  9829 | D:9      | Identified the cursed +0 robe of Charity {Str+4} (You found it on level 9 of the Dungeon)
 10112 | D:9      | Found a staircase to the Lair.
 10204 | D:9      | Acquired Okawaru's first power
 10258 | D:9      | Gained mutation: You are robust (+10% HP). [potion of beneficial mutation]
 10293 | D:10     | Entered Level 10 of the Dungeon
 10639 | D:10     | Reached skill level 10 in Stealth
 10987 | D:10     | Noticed a centaur warrior
 10996 | D:10     | Noticed a hill giant
 11006 | D:10     | Killed a hill giant
 11006 | D:10     | Killed a centaur warrior
 11080 | D:10     | Noticed a hill giant
 11131 | D:10     | Noticed an ogre mage
 11145 | D:10     | Noticed a centaur warrior
 11148 | D:10     | Killed a hill giant
 11158 | D:10     | Killed an ogre mage
 11158 | D:10     | Received a gift from Okawaru
 11166 | D:10     | Killed a centaur warrior
 11214 | D:10     | Gained mutation: You have sharp fingernails. [mutagenic meat]
 11215 | D:10     | Gained mutation: Your body is slowly deteriorating. [mutagenic meat]
 11216 | D:10     | Gained mutation: You are very robust (+20% HP). [mutagenic meat]
 11232 | D:10     | Noticed a hill giant
 11247 | D:10     | Killed a hill giant
 11434 | D:10     | Reached XP level 12. HP: 25/87 MP: 18/18
 12470 | D:11     | Learned a level 1 spell: Corona
 12478 | D:11     | Gained mutation: You are extremely robust (+30% HP). [potion of mutation]
 12478 | D:11     | Gained mutation: You are clumsy. (Dex -2) [potion of mutation]
 13521 | D:12     | Found a staircase to the Orcish Mines.
 13568 | D:12     | Received a gift from Okawaru
 13905 | D:12     | Reached skill level 1 in Invocations
 14150 | D:12     | Noticed Nergalle
 14168 | D:12     | Reached skill level 11 in Stealth
 14185 | D:12     | Noticed a spectral orc warlord
 14199 | D:12     | Killed Nergalle
 14199 | D:12     | Acquired Okawaru's second power
 14224 | D:12     | Found a shimmering altar of Xom.
 14296 | D:12     | Lost mutation: You are extremely robust (+30% HP). [potion of mutation]
 14296 | D:12     | Lost mutation: Your body is slowly deteriorating. [potion of mutation]
 14296 | D:12     | Gained mutation: You are dopey. (Int -2) [potion of mutation]
 14528 | D:12     | Reached skill level 5 in Dodging
 15365 | D:13     | Noticed a centaur warrior
 15370 | D:13     | Noticed a four-headed hydra
 15385 | D:13     | Killed a centaur warrior
 15385 | D:13     | Reached skill level 1 in Spellcasting
 15416 | D:13     | Killed a four-headed hydra
 15460 | D:13     | Paralysed by a wizard for 5 turns
 15721 | D:13     | Lost mutation: You are clumsy. (Dex -2) [mutagenic meat]
 15737 | D:13     | Received a gift from Okawaru
 15737 | D:13     | Reached skill level 5 in Throwing
 15740 | D:13     | Got an ancient broad axe {god gift}
 15742 | D:13     | Identified the +2 broad axe of Valour {chop, rElec rF- Int+3} (Okawaru gifted it to you on level 13 of the Dungeon)
 15771 | D:13     | Reached skill level 1 in Hexes
 15791 | D:13     | Reached XP level 13. HP: 40/96 MP: 20/20
 16624 | D:13     | Found a gate to the Vaults.
 16655 | D:13     | Received a gift from Okawaru
 17657 | D:14     | Reached skill level 10 in Shields
 17704 | D:14     | Gained mutation: You can translocate small distances at will. [mutagenic meat]
 17705 | D:14     | Gained mutation: You are covered in fur (AC +1). [mutagenic meat]
 17707 | D:14     | Gained mutation: Your body is slowly deteriorating. [mutagenic meat]
 17913 | D:14     | Learned a level 2 spell: Ensorcelled Hibernation
 18020 | D:14     | Received a gift from Okawaru
 18176 | D:14     | Learned a level 3 spell: Confuse
 18619 | D:15     | Entered Level 15 of the Dungeon
 18698 | D:15     | Found a staircase to the Depths.
 18729 | D:15     | Received a gift from Okawaru
 18795 | D:15     | Gained mutation: You evolve. [mutagenic meat]
 18798 | D:15     | Gained mutation: You are partially covered in molten scales (AC +1). [mutagenic meat]
 18885 | D:15     | Lost mutation: You are dopey. (Int -2) [evolution]
 18930 | D:15     | Learned a level 3 spell: Tukima's Dance
 19309 | D:15     | Slain by a phantasmal warrior

Action                   |  1- 3 |  4- 6 |  7- 9 | 10-12 | 13-15 || total
-------------------------+-------+-------+-------+-------+-------++-------
Melee: Hand axe          |    61 |   136 |   450 |   325 |       ||   972
       War axe           |       |       |       |   572 |       ||   572
       Broad axe         |       |       |       |    25 |   317 ||   342
       Flail             |       |       |       |     6 |       ||     6
 Fire: Blowgun           |       |       |       |       |     2 ||     2
Throw: Tomahawk          |       |       |     8 |   127 |    66 ||   201
       Throwing net      |       |       |       |     3 |       ||     3
Invok: Sacrifice Essence |       |     1 |     1 |       |       ||     2
       Sacrifice Arcana  |       |       |     1 |       |       ||     1
       Reject Sacrifices |       |       |       |     1 |       ||     1
       Heroism           |       |       |       |     1 |       ||     1
 Abil: Evoke Invisibilit |       |       |       |     4 |     1 ||     5
Evoke: Wand              |       |       |     4 |    21 |     1 ||    26
  Use: Scroll            |     1 |     7 |    11 |    17 |     9 ||    45
       Potion            |       |     3 |     9 |    19 |     1 ||    32
 Stab: Paralysed         |       |     2 |       |       |       ||     2
       Sleeping          |       |       |     4 |    15 |     5 ||    24
       Distracted        |       |       |       |     2 |     2 ||     4
       Held in net/web   |       |       |       |     2 |       ||     2
       Invisible         |       |       |       |     6 |       ||     6
  Eat: Chunk             |       |     4 |     6 |     8 |    11 ||    29
       Fruit             |       |     3 |       |       |       ||     3
       Meat ration       |       |       |     1 |     3 |     1 ||     5
       Pizza             |       |       |     1 |     2 |       ||     3
       Beef jerky        |       |       |     2 |     7 |     2 ||    11
       Bread ration      |       |       |       |     1 |       ||     1
